 Dungeon Crawl Stone Soup version 0.25-a0-492-g44cc58d149 (webtiles) character file.

Game seed: 14528662130914989114, levelgen mode: deterministic

11181 Lugonue the Basher (level 11, -6/71 HPs)
             Began as a Gargoyle Berserker on Feb 11, 2020.
             Was a High Priest of Trog.
             Hit by a large rock thrown by a cyclops (31 damage)
             ... on level 11 of the Dungeon.
             The game lasted 00:20:35 (8172 turns).

Lugonue the Basher (Gargoyle Berserker)             Turns: 8172, Time: 00:21:02

Health: -6/71      AC: 22    Str: 21    XL:     11   Next: 73%
Magic:  11/11      EV: 10    Int:  8    God:    Trog [*****.]
Gold:   213        SH:  8    Dex: 12    Spells: 10/10 levels left

rFire    . . .     SeeInvis .   a - +5 morningstar
rCold    . . .     Gourm    .   N - +0 kite shield
rNeg     + . .     Faith    .   g - +0 scale mail
rPois    ∞         Spirit   .   o - +2 helmet
rElec    +         Reflect  .   B - +0 cloak
rCorr    .         Harm     .   n - +1 pair of gloves
MR       .....                  (no boots)
Stlth    +.........             (no amulet)
HPRegen  0.21/turn              (no ring)
MPRegen  0.12/turn              (no ring)

@: no status effects
A: negative energy resistance 1, electricity resistance, unbreathing,
petrification resistance, rot immunity, AC +8
a: Berserk, Trog's Hand, Brothers in Arms, Renounce Religion


You were on level 11 of the Dungeon.
You worshipped Trog.
Trog was extremely pleased with you.
You were not hungry.

You visited 1 branch of the dungeon, and saw 11 of its levels.
You also visited: Ossuary.

You collected 677 gold pieces.
You spent 464 gold pieces at shops.

Inventory:

Hand Weapons
 a - a +5 morningstar (weapon)
 v - a +0 vorpal flail
 K - a +3 dire flail of holy wrath
Missiles
 p - 6 boomerangs (quivered)
 s - 21 poisoned darts
 y - 8 atropa-tipped darts
 A - a throwing net
Armour
 g - a +0 scale mail (worn)
 n - a +1 pair of gloves (worn)
 o - a +2 helmet (worn)
 B - a +0 cloak (worn)
 N - a +0 kite shield (worn)
Jewellery
 M - an uncursed amulet of the gourmand
Wands
 l - a wand of disintegration (12)
 q - a wand of digging (9)
 r - a wand of enslavement (10)
 t - a wand of flame (45)
 C - a wand of random effects (18)
 I - a wand of iceblast (7)
 L - a wand of polymorph (9)
Scrolls
 b - 9 scrolls of identify
 d - 3 scrolls of amnesia
 e - a scroll of enchant armour
 h - 9 scrolls of teleportation
 j - 5 scrolls of remove curse
 u - a scroll of enchant weapon
 E - a scroll of fear
 F - a scroll of random uselessness
 O - a scroll of summoning {unknown}
 P - a scroll of immolation {unknown}
 Q - a scroll of magic mapping {unknown}
 S - a scroll of torment {unknown}
Potions
 f - 5 potions of curing
 i - 3 potions of might
 k - 4 potions of ambrosia
 m - a potion of lignification {unknown}
 x - 3 potions of brilliance
 z - 2 potions of mutation
 D - 2 potions of cancellation {unknown}
 G - a potion of degeneration {unknown}
 H - a potion of agility {unknown}
 J - 2 potions of flight {unknown}
 R - a potion of haste {unknown}
Comestibles
 c - 21 rations
 w - a chunk of flesh


   Skills:
 * Level 9.4 Fighting
 * Level 13.2 Maces & Flails
 + Level 2.1 Throwing
 + Level 7.0 Armour
 + Level 5.4 Dodging
 + Level 2.7 Stealth
 + Level 1.7 Shields


You had 10 spell levels left.
You didn't know any spells.
Your spell library was empty.

Dungeon Overview and Level Annotations

Branches:
Dungeon (11/15)            Temple (0/1) D:7            Lair (0/6) D:9
    Orc (0/2) D:9         Ossuary (visited)

Altars:
Dithmenos
Kikubaaqudgha
Makhleb
Nemelex Xobeh
Okawaru
Ru
Sif Muna
Trog
Vehumet
Wu Jian
Beogh

Shops:
D:4 (   D:8 }:?

Portals:
Abyss: D:6

Annotations:
D:3 kae's ghost, amateur KoEn
D:6 2 transporters, Gruesome's ghost, novice OpAs


Innate Abilities, Weirdness & Mutations

You are resistant to torment.
Your stone body is resilient. (AC +8)
You are immune to poison.
You resist negative energy. (rN+)
You are resistant to electric shocks. (rElec)
You can survive without breathing.
You are immune to petrification.
You are immune to rotting.


Message History

You closely miss the howler monkey.
The bullfrog hits you but does no damage.
The howler monkey closely misses you. You block the bullfrog's attack.
You hit the howler monkey.
The howler monkey is moderately wounded.
The sentinel's mark upon you fades away.
The howler monkey barely misses you.
The bullfrog hits you but does no damage.
You barely miss the howler monkey.
The howler monkey is moderately wounded.
The howler monkey hits you. The bullfrog barely misses you.
A cyclops comes into view.
The howler monkey closely misses you.
You sock the howler monkey!
The howler monkey is severely wounded.
The bullfrog barely misses you.
The bullfrog hits you but does no damage.
The howler monkey barely misses you.
The cyclops throws a large rock.
The large rock hits you!!
You die...

... # .#. .... ... .
.....## .. .C.
.......# ###..
............. ##...
....##........
#...##(.# .........
##...)..# ..........
#.))@F..###..........
#..()h.###...........
##)....##............
#.............##....
#.............#.##..
##....#.........##..
##.............##..
####..........###.
##...#....## #.


You could see a cyclops, a bullfrog and a howler monkey.

Vanquished Creatures
  A hydra (D:11)
  3 two-headed ogres
  Pikel (D:4)
  2 hippogriffs
  A vampire (D:10)
  A shadow (D:11)
  7 yaks (D:9)
  2 hungry ghosts
  Menkaure (D:4)
  A water moccasin (D:7)
  4 orc warriors
  2 ice beasts
  2 black bears
  An eye of draining (D:8)
  2 necrophages (D:11)
  5 phantoms
  6 ogres
  6 centaurs
  A big kobold (D:7)
  2 gnoll sergeants
  3 bullfrogs
  2 scorpions
  A water moccasin skeleton (D:4)
  A wyvern skeleton (D:9)
  5 wights (D:11)
  2 howler monkeys
  2 centaur zombies
  6 crimson imps
  2 quasits (D:3)
  A bullfrog zombie (D:7)
  6 hounds
  11 orc priests
  4 bullfrog skeletons
  2 jellies
  11 orc wizards
  Natasha (twice) (D:3)
  5 iguanas
  14 worker ants
  A big kobold zombie (Ossuary)
  A hound zombie (D:6)
  2 hound skeletons
  8 mummies (Ossuary)
  A worker ant zombie (D:9)
  Robin (D:3)
  A howler monkey skeleton (D:4)
  9 adders
  12 gnolls
  2 shadow imps
  5 oozes
  An adder zombie (D:4)
  3 worms
  2 dart slugs
  9 leopard geckos
  26 orcs
  8 giant cockroaches
  9 goblins
  12 hobgoblins
  17 jackals
  12 kobolds
  3 quokkas
  6 bats
  6 frilled lizards
  3 hobgoblin zombies (Ossuary)
  A jackal skeleton (D:8)
  A kobold zombie (Ossuary)
  A leopard gecko skeleton (D:5)
  3 orc zombies (Ossuary)
  A quokka zombie (D:5)
  3 rats
301 creatures vanquished.

Vanquished Creatures (others)
  A slave (D:4)
  An adder (D:4)
  A jackal skeleton (D:4)
3 creatures vanquished.

Grand Total: 304 creatures vanquished

Notes
Turn   | Place    | Note
-------+----------+-------------------------------------------
     0 | D:1      | Lugonue the Gargoyle Berserker began the quest for the Orb.
     0 | D:1      | Reached XP level 1. HP: 14/14 MP: 1/1
    96 | D:1      | Reached XP level 2. HP: 18/19 MP: 2/2
   638 | D:2      | Reached XP level 3. HP: 23/23 MP: 3/3
   673 | D:2      | Reached ** piety under Trog
  1134 | D:3      | Reached skill level 4 in Maces & Flails
  1134 | D:3      | Reached XP level 4. HP: 17/29 MP: 4/4
  1143 | D:3      | Noticed Natasha
  1161 | D:3      | Reached skill level 1 in Stealth
  1161 | D:3      | Reached XP level 5. HP: 32/33 MP: 5/5
  1168 | D:3      | Killed Natasha
  1546 | D:3      | Found a transporter.
  1566 | D:3      | Found a transporter.
  1590 | D:3      | Noticed kae's ghost (amateur KoEn)
  1607 | D:3      | Noticed Natasha
  1615 | D:3      | Killed Natasha
  1647 | D:3      | Found a shimmering blue altar of Sif Muna.
  1657 | D:3      | Noticed Robin
  1684 | D:3      | Reached *** piety under Trog
  1686 | D:3      | Reached skill level 5 in Maces & Flails
  1689 | D:3      | Killed Robin
  2005 | D:3      | Reached XP level 6. HP: 29/38 MP: 6/6
  2144 | D:4      | Noticed a phantom
  2174 | D:4      | Killed a phantom
  2385 | D:4      | Found an ornate altar of the Wu Jian Council.
  2465 | D:4      | Found Hunwyqer's Antique Weapon Shoppe.
  2505 | D:4      | Found a shadowy altar of Dithmenos.
  2505 | D:4      | Noticed a phantom
  2517 | D:4      | Reached XP level 7. HP: 24/44 MP: 7/7
  2556 | D:4      | Reached skill level 6 in Maces & Flails
  2598 | D:4      | Reached skill level 5 in Fighting
  2736 | D:4      | Noticed Pikel
  2746 | D:4      | Killed Pikel
  2746 | D:4      | Reached skill level 7 in Maces & Flails
  2746 | D:4      | Reached XP level 8. HP: 51/51 MP: 8/8
  2852 | D:4      | Noticed a two-headed ogre
  2865 | D:4      | Killed a two-headed ogre
  2865 | D:4      | Reached skill level 8 in Maces & Flails
  2865 | D:4      | Reached skill level 1 in Throwing
  2865 | D:4      | Reached XP level 9. HP: 56/56 MP: 9/9
  3025 | D:4      | Noticed Menkaure
  3039 | D:4      | Killed Menkaure
  3181 | D:4      | Found a burning altar of Makhleb.
  3181 | D:4      | Found a radiant altar of Vehumet.
  3368 | D:5      | Entered Level 5 of the Dungeon
  3574 | D:5      | Got an ancient long sword
  3575 | D:5      | Identified the +10 long sword of the Desolation of Salt
                  | {freeze, rC+ rN+ Str+2} (You found it on level 5 of the
                  | Dungeon)
  3711 | D:5      | Found a sand-covered staircase.
  3718 | Ossuary  | Entered an ossuary
  4149 | D:4      | Bought an ivory whip for 240 gold pieces
  4149 | D:4      | Identified the +0 whip "Haihiv" {vamp, +Blink Dex+3} (You
                  | bought it in a shop on level 4 of the Dungeon)
  4282 | D:5      | Reached skill level 9 in Maces & Flails
  4284 | D:5      | Reached **** piety under Trog
  4664 | D:4      | Bought a glowing dire flail for 224 gold pieces
  4977 | D:6      | Found a one-way gate to the infinite horrors of the Abyss.
  4977 | D:6      | Noticed Gruesome's ghost (novice OpAs)
  4980 | D:6      | Found a transporter.
  5027 | D:6      | Found a transporter.
  5277 | D:6      | Found a bloodstained altar of Trog.
  5314 | D:6      | Reached skill level 10 in Maces & Flails
  5446 | D:7      | Found an ancient bone altar of Kikubaaqudgha.
  5518 | D:7      | Reached skill level 5 in Armour
  5518 | D:7      | Reached XP level 10. HP: 64/64 MP: 10/10
  5556 | D:7      | Found a staircase to the Ecumenical Temple.
  5668 | D:7      | Reached ***** piety under Trog
  5668 | D:7      | Received a gift from Trog
  5845 | D:7      | Found an iron altar of Okawaru.
  6102 | D:8      | Found Falooc's Gadget Emporium.
  6112 | D:8      | Reached skill level 11 in Maces & Flails
  6242 | D:8      | Found a sparkling altar of Nemelex Xobeh.
  6278 | D:8      | Found Nieff's Book Boutique.
  6322 | D:8      | Found Ystem's Magic Scroll Boutique.
  6612 | D:9      | Received a gift from Trog
  6612 | D:9      | Reached skill level 5 in Dodging
  6700 | D:9      | Found a staircase to the Lair.
  6763 | D:9      | Found a staircase to the Orcish Mines.
  6785 | D:9      | Found a roughly hewn altar of Beogh.
  6803 | D:9      | Reached skill level 12 in Maces & Flails
  6881 | D:9      | Noticed a two-headed ogre
  6890 | D:9      | Reached XP level 11. HP: 63/69 MP: 11/11
  6908 | D:9      | Killed a two-headed ogre
  7256 | D:10     | Entered Level 10 of the Dungeon
  7475 | D:10     | Received a gift from Trog
  7847 | D:11     | Found a sacrificial altar of Ru.
  7955 | D:11     | Noticed a four-headed hydra
  7966 | D:11     | Killed a four-headed hydra
  8093 | D:11     | Reached skill level 13 in Maces & Flails
  8093 | D:11     | Reached skill level 1 in Shields
  8160 | D:11     | Noticed a two-headed ogre
  8167 | D:11     | Killed a two-headed ogre
  8171 | D:11     | Noticed a cyclops
  8172 | D:11     | Hit by a large rock thrown by a cyclops

Levels and vault maps discovered:
D:1:      minmay_arrival_plants_in_alcoves, layout_basic
D:2:      layout_rooms, minivault_27
D:3:      layout_basic, nicolae_overflow_crystal_walls,
          gammafunk_ghost_stat_death, grunt_ministairs_4, uniq_natasha,
          uniq_robin
D:4:      layout_basic, grunt_temple_overflow_lords_of_destruction,
          grunt_dithmenos_shadows, kennysheep_mini_moat, serial_shops,
          nicolae_shop_overgrown_old_shop, minmay_divided_ellipse, uniq_pikel,
          uniq_menkaure
D:5:      layout_cave_pods, first_ration, nicolae_ossuary_entry_ruins
D:6:      layout_loops_cross, gammafunk_ghost_abyssal_escape,
          trog_butcher_becter
D:7:      layout_basic, minmay_temple_entry_ruins, basic_altar,
          okawaru_altar_gauntlet_db
D:8:      layout_cave_pools, nemelex_xobeh_ov_fountains_minmay, serial_shops,
          nicolae_shop_competitors_out_of_business, shop, shop_fountains
D:9:      layout_long_grid, lair_entry_dummy, minmay_orc_entry_temple_small
D:10:     layout_roguey
D:11:     layout_cave_pools, nicolae_ru_awakened_eye

Skill      XL: |  1  2  3  4  5  6  7  8  9 10 11 |
---------------+----------------------------------+-----
Dodging        | 2 3 4 5 |  5.4
Maces & Flails | 4 5 7 8 10 12 13 | 13.2
Stealth        | 1 2 |  2.7
Fighting       | 4 6 7 8 9 |  9.4
Armour         | 3 4 5 7 |  7.0
Throwing       | 1 2 |  2.1
Shields        | 1 |  1.7

Action                   |  1- 3 |  4- 6 |  7- 9 | 10-12 || total
-------------------------+-------+-------+-------+-------++-------
Melee: Mace              |    82 |       |       |       ||    82
       Flail             |     6 |   157 |   259 |       ||   422
       Dire flail        |       |       |   106 |   190 ||   296
       Whip              |       |       |    62 |       ||    62
       Long sword        |       |       |     8 |       ||     8
       Morningstar       |       |       |       |   272 ||   272
Throw: Dart              |       |       |    11 |       ||    11
       Javelin           |       |       |     4 |    13 ||    17
       Boomerang         |       |       |       |     6 ||     6
Invok: Berserk           |       |     5 |     3 |       ||     8
       Trog's Hand       |       |       |     2 |       ||     2
  Use: Potion            |       |     1 |     2 |       ||     3
       Scroll            |       |     1 |    12 |     5 ||    18
 Stab: Sleeping          |       |       |     3 |       ||     3
  Eat: Chunk             |       |     5 |    20 |     9 ||    34
       Ration            |       |     1 |     2 |       ||     3
Armor: Animal skin       |    17 |       |       |       ||    17
       Leather armour    |    24 |   143 |   131 |       ||   298
       Scale mail        |       |       |    63 |   242 ||   305
       Skin              |       |       |     2 |       ||     2
Dodge: Dodged            |    70 |   171 |   283 |   222 ||   746
Block: Kite shield       |       |       |       |    69 ||    69
       Rpst.: Long sword |       |       |     1 |       ||     1

Table legend:
 A = Non-vault XP
 B = Vault XP
 C = Vault XP percentage of total XP
 D = Non-vault monster count
 E = Vault monster count
 F = Vault count percentage of total count
                 A         B        C        D         E       F
            +---------+---------+-------+---------+---------+-------
      Total |   12903 |    3071 |  19.2 |     238 |      63 |  20.9
            +---------+---------+-------+---------+---------+-------
        D:1 |      31 |       0 |   0.0 |      18 |       0 |   0.0
        D:2 |      48 |       0 |   0.0 |      17 |       0 |   0.0
        D:3 |     118 |     211 |  64.1 |      15 |      16 |  51.6
        D:4 |     541 |    1977 |  78.5 |      20 |      10 |  33.3
        D:5 |     528 |       0 |   0.0 |      21 |       0 |   0.0
        D:6 |     773 |     237 |  23.5 |      21 |       4 |  16.0
        D:7 |     963 |      24 |   2.4 |      20 |       6 |  23.1
        D:8 |    1304 |       0 |   0.0 |      27 |       0 |   0.0
        D:9 |    3760 |     444 |  10.6 |      33 |      11 |  25.0
       D:10 |     781 |       0 |   0.0 |      16 |       0 |   0.0
       D:11 |    4056 |       0 |   0.0 |      30 |       0 |   0.0
    Ossuary |       0 |     178 | 100.0 |       0 |      16 | 100.0
            +---------+---------+-------+---------+---------+-------
